[Event "VIII Open Semana Santa-B 2024"]
[Site "San Vicente del Raspeig"]
[Date "2024.03.31"]
[Round "7.4"]
[White "Torralba Brosa, Marc"]
[Black "Jayawarna, Thisumi"]
[Result "1/2-1/2"]
[ECO "B21"]
[WhiteElo "1869"]
[BlackElo "1774"]
[Annotator "NA RC COMBH"]
[PlyCount "74"]
[EventDate "2024.03.27"]
[EventType "swiss"]
[EventCountry "ESP"]
[SourceTitle "playchess.com"]
[Source "ChessBase"]
[SourceQuality "1"]
[TimeControl "5400+30"]

1. e4 c5 2. Nf3 e6 3. d4 cxd4 4. c3 dxc3 5. Nxc3 Nc6 6. Bc4 Bb4 7. O-O Nge7 8. Qe2 Bxc3 9. bxc3 O-O 10. Rd1 Qc7 11. Ba3 Re8 12. Bd6 Qa5 13. Qd3 Ng6 14. Qe3 Nge5 15. Bb3 h6 16. Nd4 a6 17. f4 Ng4 18. Qh3 Nf6 19. Nxc6 dxc6 20. Be5 Nxe4 21. Bc2 f5 22. Bxe4 fxe4 23. Rd4 Qc5 24. Rad1 Qf8 25. Qg3 Qf7 26. Rd8 Rxd8 27. Rxd8+ Kh7 28. Bd6 b5 29. Rf8 Qd7 30. Qe3 g6 31. Qd4 Qg7 32. Rf6 Ra7 33. Bf8 Qd7 34. Qxe4 Qd1+ 35. Kf2 Qd2+ 36. Kf1 Qd1+ 37. Kf2 Qd2+ 1/2-1/2

[Event "VIII Open Semana Santa-B 2024"]
[Site "San Vicente del Raspeig"]
[Date "2024.03.31"]
[Round "7.5"]
[White "Pardo Ruiz, Beatriz"]
[Black "Serna Puerto, Lorenzo"]
[Result "1-0"]
[ECO "B27"]
[WhiteElo "1757"]
[BlackElo "1825"]
[Annotator "NA RC COMBH"]
[PlyCount "53"]
[EventDate "2024.03.27"]
[EventType "swiss"]
[EventCountry "ESP"]
[SourceTitle "playchess.com"]
[Source "ChessBase"]
[SourceQuality "1"]
[TimeControl "5400+30"]

1. e4 c5 2. Nf3 g6 3. c3 d5 4. e5 Bg7 5. d4 cxd4 6. cxd4 Bg4 7. Nbd2 Nh6 8. h3 Bxf3 9. Nxf3 O-O 10. Bd3 Nc6 11. Qc2 Qb6 12. Be3 Rac8 13. Qb1 Qb4+ 14. Bd2 Qb6 15. Be3 Nb4 16. b3 Rc3 17. O-O Rxd3 18. a3 Nc2 19. Qxc2 Qxb3 20. Qc7 Rc3 21. Qd7 Rfc8 22. Rfb1 Qc4 23. Qxb7 Nf5 24. Bd2 Rd3 25. Rc1 Rc7 26. Qxc7 Qa4 27. Qd8+ 1-0

[Event "VIII Open Semana Santa-B 2024"]
[Site "San Vicente del Raspeig"]
[Date "2024.03.31"]
[Round "7.6"]
[White "Garceran Perez, Alejandro"]
[Black "Elizondo Marquet, Juan Marcos"]
[Result "0-1"]
[ECO "D05"]
[WhiteElo "1661"]
[BlackElo "1813"]
[Annotator "NA RC COMBH"]
[PlyCount "96"]
[EventDate "2024.03.27"]
[EventType "swiss"]
[EventCountry "ESP"]
[SourceTitle "playchess.com"]
[Source "ChessBase"]
[SourceQuality "1"]
[TimeControl "5400+30"]

1. d4 Nf6 2. Nf3 e6 3. e3 d5 4. Bd3 c5 5. c3 Nbd7 6. Nbd2 b6 7. e4 dxe4 8. Nxe4 Bb7 9. Bg5 Be7 10. Nxf6+ Bxf6 11. Bxf6 Qxf6 12. Bb5 Bxf3 13. Bxd7+ Kxd7 14. gxf3 cxd4 15. Qa4+ Ke7 16. Qb4+ Ke8 17. O-O-O Qf4+ 18. Kb1 Qf5+ 19. Ka1 d3 20. Rd2 b5 21. Rhd1 Rd8 22. Qe4 Qxe4 23. fxe4 Ke7 24. Rxd3 Rxd3 25. Rxd3 Rc8 26. Kb1 Rc4 27. Rd4 Rc5 28. f4 Rh5 29. Rd2 Rh3 30. Rf2 Kf6 31. f5 e5 32. Rd2 Re3 33. Rd6+ Kg5 34. Rd7 Rxe4 35. Rxf7 Rh4 36. Rxg7+ Kxf5 37. Rxa7 Rxh2 38. Rb7 e4 39. Rxb5+ Kf4 40. a4 e3 41. Rb7 e2 42. Rf7+ Ke3 43. Re7+ Kd3 44. Ka2 Rh1 45. Kb3 e1=Q 46. Rd7+ Ke4 47. Re7+ Kd5 48. Rxe1 Rxe1 0-1

[Event "VIII Open Semana Santa-B 2024"]
[Site "San Vicente del Raspeig"]
[Date "2024.03.31"]
[Round "7.7"]
[White "Portillo Alcalde, Jose Maria"]
[Black "Vila Castillo, Jaime"]
[Result "0-1"]
[ECO "D30"]
[WhiteElo "1632"]
[BlackElo "1812"]
[Annotator "NA RC"]
[PlyCount "110"]
[EventDate "2024.03.27"]
[EventType "swiss"]
[EventCountry "ESP"]
[SourceTitle "playchess.com"]
[Source "ChessBase"]
[SourceQuality "1"]
[TimeControl "5400+30"]

1. c4 e6 2. g3 Nf6 3. Bg2 d5 4. Nf3 c5 5. O-O Nc6 6. cxd5 exd5 7. d4 Be6 8. a3 c4 9. Nc3 Be7 10. Re1 Nd7 11. b3 cxb3 12. Qxb3 Nb6 13. Qd1 Bf6 14. Bf4 O-O 15. Nb5 Qd7 16. Nc7 Rac8 17. Nxe6 Qxe6 18. Qd2 Nc4 19. Qd3 Rfe8 20. Bg5 Nd6 21. Bxf6 Qxf6 22. e3 Ne4 23. Ra2 Qd6 24. Nd2 f5 25. f3 Nxd2 26. Qxd2 Re7 27. Bh3 Rf8 28. Re2 g6 29. Bg2 Rfe8 30. Qd3 a6 31. Ra1 Qf6 32. Rae1 b5 33. Kf2 Na5 34. Qc3 Nc4 35. Qb4 Qd6 36. Qxd6 Nxd6 37. f4 Ne4+ 38. Bxe4 fxe4 39. Rc1 Rb7 40. Rec2 Rb6 41. Rc5 Rd6 42. Rc8 Rxc8 43. Rxc8+ Kg7 44. Rc5 Kf6 45. g4 Ke6 46. h4 Rd7 47. Ke2 Kd6 48. Kd2 Rc7 49. Rxc7 Kxc7 50. Kc3 a5 51. Kb3 Kd6 52. Kc3 Ke6 53. Kb3 h6 54. h5 gxh5 55. gxh5 Kf5 0-1

[Event "VIII Open Semana Santa-B 2024"]
[Site "San Vicente del Raspeig"]
[Date "2024.03.31"]
[Round "7.8"]
[White "Martinez Mateos, Saul"]
[Black "Prochaieva, Tina"]
[Result "1/2-1/2"]
[ECO "B41"]
[WhiteElo "1754"]
[BlackElo "1792"]
[Annotator "NA RC COMBH"]
[PlyCount "54"]
[EventDate "2024.03.27"]
[EventType "swiss"]
[EventCountry "ESP"]
[SourceTitle "playchess.com"]
[Source "ChessBase"]
[SourceQuality "1"]
[TimeControl "5400+30"]

1. e4 c5 2. Nf3 e6 3. d4 cxd4 4. Nxd4 a6 5. c4 Bb4+ 6. Nc3 Ne7 7. Be3 Qc7 8. Be2 Nbc6 9. O-O O-O 10. Qd2 Rd8 11. a3 Nxd4 12. Bxd4 Bc5 13. b4 Bxd4 14. Qxd4 Nc6 15. Qd2 d6 16. Rfd1 Ne5 17. c5 b5 18. cxd6 Qb6 19. Qd4 Qxd4 20. Rxd4 Nc6 21. Rd2 e5 22. f4 Nd4 23. Rad1 f6 24. fxe5 fxe5 25. Nd5 Rxd6 26. Ne7+ Kf7 27. Nxc8 Rxc8 1/2-1/2

[Event "VIII Open Semana Santa-B 2024"]
[Site "San Vicente del Raspeig"]
[Date "2024.03.31"]
[Round "8.1"]
[White "Zhuravlev, Matvey R"]
[Black "Amoros Moran, Jose Joaquin"]
[Result "1/2-1/2"]
[ECO "E18"]
[WhiteElo "1774"]
[BlackElo "1883"]
[Annotator "NA RC COMBH"]
[PlyCount "116"]
[EventDate "2024.03.27"]
[EventType "swiss"]
[EventCountry "ESP"]
[SourceTitle "playchess.com"]
[Source "ChessBase"]
[SourceQuality "1"]
[TimeControl "5400+30"]

1. d4 Nf6 2. c4 e6 3. g3 d5 4. Nf3 b6 5. cxd5 exd5 6. Bg2 Bb7 7. O-O Be7 8. Nc3 O-O 9. Ne5 h6 10. Qa4 a6 11. Bf4 Bd6 12. Rfd1 Qe8 13. Qb3 Qe6 14. Rac1 Rd8 15. Na4 g5 16. Be3 Nfd7 17. Nxd7 Nxd7 18. Nc5 bxc5 19. Qxb7 Rab8 20. Qxd5 Qxd5 21. Bxd5 cxd4 22. Bxd4 Nb6 23. Bc6 Kf8 24. Bf6 Be7 25. Be5 Rxd1+ 26. Rxd1 Nc4 27. Bd4 Nxb2 28. Rc1 Na4 29. Bxa4 Rb4 30. Bb3 Rxd4 31. Rxc7 Rd6 32. Ra7 Rf6 33. e3 Bb4 34. Kf1 a5 35. Ke2 g4 36. Kf1 Kg7 37. Kg2 Be1 38. Kf1 Bxf2 39. Rxf7+ Rxf7 40. Bxf7 Bxe3 41. Bh5 Kf6 42. Bxg4 Kg5 43. Bd7 Bc5 44. Ke2 Bg1 45. Kf1 Bc5 46. Ke2 Bg1 47. Kf3 Bb6 48. h4+ Kf6 49. Bb5 Bc7 50. Bd3 Bd6 51. Be4 Ba3 52. Kg4 Bd6 53. Kh3 Kg7 54. g4 Kf6 55. Bc2 Bc7 56. Kg2 Bd6 57. Kf3 Bc7 58. Bd1 Bb8 1/2-1/2

[Event "VIII Open Semana Santa-B 2024"]
[Site "San Vicente del Raspeig"]
[Date "2024.03.31"]
[Round "8.2"]
[White "Carretero Ajo, Jesus"]
[Black "Gutierrez Lupion, Nuria"]
[Result "1-0"]
[ECO "B22"]
[WhiteElo "1876"]
[BlackElo "1785"]
[Annotator "NA RC COMBH"]
[PlyCount "58"]
[EventDate "2024.03.27"]
[EventType "swiss"]
[EventCountry "ESP"]
[SourceTitle "playchess.com"]
[Source "ChessBase"]
[SourceQuality "1"]
[TimeControl "5400+30"]

1. e4 c5 2. c3 Nf6 3. e5 Nd5 4. Nf3 Nc6 5. d4 cxd4 6. cxd4 d6 7. Bc4 Nb6 8. Bb5 a6 9. Bxc6+ bxc6 10. exd6 Qxd6 11. O-O g6 12. Nc3 Bg7 13. Re1 O-O 14. Bg5 Re8 15. Ne4 Qd8 16. Rc1 Bg4 17. Rxc6 Bxf3 18. Qxf3 Qxd4 19. Nc3 Qb4 20. a3 Qxb2 21. Rb1 Qxa3 22. Rbxb6 Rab8 23. Rxb8 Rxb8 24. h3 h6 25. Bd2 a5 26. Qd5 a4 27. Rxg6 Qb3 28. Bxh6 Kh7 29. Rxg7+ Kxh6 1-0

[Event "VIII Open Semana Santa-B 2024"]
[Site "San Vicente del Raspeig"]
[Date "2024.03.31"]
[Round "8.3"]
[White "Garcia Ruano, Juan Carlos"]
[Black "Pardo Ruiz, Beatriz"]
[Result "1/2-1/2"]
[ECO "B44"]
[WhiteElo "1885"]
[BlackElo "1757"]
[Annotator "NA RC COMBH"]
[PlyCount "152"]
[EventDate "2024.03.27"]
[EventType "swiss"]
[EventCountry "ESP"]
[SourceTitle "playchess.com"]
[Source "ChessBase"]
[SourceQuality "1"]
[TimeControl "5400+30"]

1. e4 c5 2. Nf3 e6 3. d4 cxd4 4. Nxd4 Nc6 5. Be3 a6 6. Be2 Nf6 7. Nd2 Be7 8. O-O O-O 9. c3 {[%emt 0:04:02] B44: Sicilian: Taimanov: 5 Nb5.} Qc7 10. Nxc6 bxc6 11. Bd3 d5 12. Qf3 c5 13. exd5 exd5 14. h3 Bb7 15. Bf4 Qb6 16. Qd1 Qc6 17. f3 Nh5 18. Bh2 Qb6 19. Qb3 Qa7 20. c4 Rfe8 21. Kh1 d4 22. Rae1 Bh4 23. Rxe8+ Rxe8 24. Qa4 Qa8 25. Be4 Rc8 26. Qd7 Bxe4 27. Nxe4 Nf6 28. Nxf6+ Bxf6 29. Re1 Rd8 30. Qc7 Qc8 31. Qxc8 Rxc8 32. Bd6 h6 33. b3 Rc6 34. Bf4 Re6 35. Rxe6 fxe6 36. Kg1 e5 37. Bd2 Kf7 38. Kf2 Kg6 39. Ke2 Bg5 40. Be1 Kf5 41. Kd3 Be7 42. Bd2 Bg5 43. Be1 Kf4 44. Bf2 Be7 45. Be1 Bd8 46. Bf2 Ba5 47. Bh4 g5 48. Bf2 Bc3 49. h4 Bb4 50. hxg5 hxg5 51. Ke2 g4 52. Bh4 gxf3+ 53. gxf3 e4 54. fxe4 Kxe4 55. Bf6 d3+ 56. Kd1 d2 57. Ke2 Kf5 58. Bg7 Kg6 59. Bb2 Kf5 60. a3 Ba5 61. Bg7 Ke4 62. Bh6 d1=Q+ 63. Kxd1 Kd3 64. Kc1 Kd4 65. Kc2 Bb6 66. Bg7+ Ke4 67. Kc3 a5 68. Bf8 Ke5 69. b4 axb4+ 70. axb4 cxb4+ 71. Kxb4 Ke6 72. Kb5 Bd4 73. Kc6 Be3 74. Bc5 Bg5 75. Kc7 Bf4+ 76. Kb7 Bg5 $16 (76... Kd7 $11) 1/2-1/2

[Event "VIII Open Semana Santa-B 2024"]
[Site "San Vicente del Raspeig"]
[Date "2024.03.31"]
[Round "8.4"]
[White "Vila Castillo, Jaime"]
[Black "Ashton, Alannah"]
[Result "1-0"]
[ECO "E61"]
[WhiteElo "1812"]
[BlackElo "1839"]
[Annotator "NA RC COMBH"]
[PlyCount "189"]
[EventDate "2024.03.27"]
[EventType "swiss"]
[EventCountry "ESP"]
[SourceTitle "playchess.com"]
[Source "ChessBase"]
[SourceQuality "1"]
[TimeControl "5400+30"]

1. Nf3 Nf6 2. d4 g6 3. Bf4 Bg7 4. e3 O-O 5. h3 d6 6. Be2 Nbd7 7. c4 c5 8. Nc3 b6 9. O-O Bb7 10. Qc2 {[%emt 0:00:00] E61: King's Indian: Early deviations for White, including Smyslov System.} Rc8 11. d5 a6 12. a4 a5 13. Rad1 Nb8 14. Rfe1 Na6 15. Na2 Nb4 16. Nxb4 cxb4 17. e4 Nd7 18. Nd2 Ba6 19. Be3 b5 20. axb5 Bxb5 21. Qb3 Ba6 22. Nf3 Nb6 23. Rc1 Nd7 24. Bd4 Bxd4 25. Nxd4 Nc5 26. Qf3 Bb7 27. Nb3 Nxb3 28. Qxb3 Qb6 29. Bg4 Rc7 30. Qe3 Qxe3 31. Rxe3 h5 32. Be2 a4 33. Ra1 Ra8 34. f3 Ra5 35. Rb3 axb3 36. Rxa5 Rc8 37. Rb5 Ra8 38. Rxb7 Ra2 39. Rxb4 Rxb2 40. Kf2 Kg7 41. g4 h4 42. Ke3 Rb1 43. Bd3 Rb2 44. e5 g5 45. exd6 exd6 46. Kd4 Rh2 47. Rxb3 Rxh3 48. Be4 Rh1 49. f4 Rd1+ 50. Rd3 Rg1 51. fxg5 Rxg4 52. Rh3 Kf8 53. Ke3 Ke7 54. Kf3 Rxg5 55. Rxh4 Rg1 56. Bd3 Rg7 57. Bf5 Rg1 58. Bd3 Rg7 59. Re4+ Kd8 60. Kf4 Rg6 61. Kf5 Rh6 62. Kg5 Rg6+ 63. Kf5 Rh6 64. Bc2 Rh2 65. Ba4 Rf2+ 66. Rf4 Ra2 67. Bc6 Ke7 68. Re4+ Kf8 69. Re8+ Kg7 70. Rd8 Rf2+ 71. Ke4 Rf6 72. Bd7 Kg6 73. Rg8+ Kh7 74. Rg4 Rf1 75. Bf5+ Kh8 76. Rf4 Rc1 77. Kd4 Kg7 78. Rf3 Kg8 79. Ra3 Rf1 80. Be4 Rf4 81. Rf3 Rg4 82. Rf6 Kg7 83. Rxd6 f5 {[%emt 0:00:03] [#]} 84. Re6 $1 Kf7 85. c5 fxe4 86. Rxe4 Rg1 87. d6 Rd1+ 88. Ke5 Ke8 89. Ke6 Kd8 90. c6 Rc1 91. c7+ Kc8 92. d7+ Kxc7 93. Ke7 Rd1 94. Rc4+ Kb7 95. d8=Q ({Nicht} 95. d8=B Rg1 $14) 1-0

[Event "VIII Open Semana Santa-B 2024"]
[Site "San Vicente del Raspeig"]
[Date "2024.03.31"]
[Round "8.5"]
[White "Elizondo Marquet, Juan Marcos"]
[Black "Van Ree, Thailo"]
[Result "0-1"]
[ECO "A25"]
[WhiteElo "1813"]
[BlackElo "1841"]
[Annotator "NA RC COMBH"]
[PlyCount "42"]
[EventDate "2024.03.27"]
[EventType "swiss"]
[EventCountry "ESP"]
[SourceTitle "playchess.com"]
[Source "ChessBase"]
[SourceQuality "1"]
[TimeControl "5400+30"]

1. c4 e5 2. g3 Nc6 3. Bg2 Bc5 4. Nc3 d6 5. e3 a6 6. Nge2 Ba7 7. O-O h5 8. h4 g5 9. hxg5 h4 10. d4 hxg3 11. Nxg3 Qxg5 12. Nd5 Qh4 13. Re1 Bg4 14. Qd3 O-O-O 15. b4 exd4 16. exd4 Qh2+ 17. Kf1 Bh3 18. Bxh3+ Qxh3+ 19. Kg1 Bxd4 20. Rb1 Qh2+ 21. Kf1 Qxf2# 0-1

[Event "VIII Open Semana Santa-B 2024"]
[Site "San Vicente del Raspeig"]
[Date "2024.03.31"]
[Round "8.6"]
[White "Latre Rodriguez, Francisco"]
[Black "Torralba Brosa, Marc"]
[Result "1-0"]
[ECO "B31"]
[WhiteElo "1780"]
[BlackElo "1869"]
[Annotator "NA RC COMBH"]
[PlyCount "59"]
[EventDate "2024.03.27"]
[EventType "swiss"]
[EventCountry "ESP"]
[SourceTitle "playchess.com"]
[Source "ChessBase"]
[SourceQuality "1"]
[TimeControl "5400+30"]

1. e4 c5 2. Nf3 Nc6 3. c3 Nf6 4. e5 Nd5 5. d4 cxd4 6. cxd4 d6 7. h3 g6 8. Bb5 Bg7 9. O-O O-O 10. Re1 a6 11. Bxc6 bxc6 12. Nc3 Nxc3 13. bxc3 c5 14. Be3 Qa5 15. dxc5 dxe5 16. Qb3 Be6 17. Qb4 Qb5 18. a3 Rab8 19. Rab1 Bf5 20. Qxb5 axb5 21. Rb4 Bd3 22. Rd1 Rfd8 23. Rd2 Bc4 24. Rxd8+ Rxd8 25. a4 Rd1+ 26. Kh2 Be2 27. Rb2 Bxf3 28. gxf3 bxa4 29. Rb8+ Bf8 30. Bh6 1-0

[Event "VIII Open Semana Santa-B 2024"]
[Site "San Vicente del Raspeig"]
[Date "2024.03.31"]
[Round "8.7"]
[White "Herrero Ferrando, Salvador"]
[Black "Galiana Fernandez, Hector"]
[Result "1-0"]
[ECO "D75"]
[WhiteElo "1854"]
[BlackElo "1754"]
[Annotator "NA COMBH"]
[PlyCount "61"]
[EventDate "2024.03.27"]
[EventType "swiss"]
[EventCountry "ESP"]
[SourceTitle "playchess.com"]
[Source "ChessBase"]
[SourceQuality "1"]
[TimeControl "5400+30"]

1. d4 Nf6 2. c4 g6 3. Nf3 Bg7 4. g3 O-O 5. Bg2 c5 6. Nc3 d5 7. cxd5 Nxd5 8. O-O cxd4 9. Nxd4 Nxc3 10. bxc3 Qc7 11. Qb3 Nd7 12. Rb1 Ne5 13. Bf4 a6 14. Rfc1 Ra7 15. a4 Qc5 16. Qb4 Nd7 17. Be3 Qxb4 18. Rxb4 Nc5 19. Rcb1 b6 20. Rc4 Bd7 21. a5 Na4 22. axb6 Nxb6 23. Rxb6 a5 24. Nc6 Raa8 25. Nxe7+ Kh8 26. Bxa8 Rxa8 27. Bd4 a4 28. Rb1 a3 29. Ra1 a2 30. Rb4 Bxd4 31. cxd4 1-0

[Event "VIII Open Semana Santa-B 2024"]
[Site "San Vicente del Raspeig"]
[Date "2024.03.31"]
[Round "8.8"]
[White "Jayawarna, Thisumi"]
[Black "Herrera Pezo, Enoch"]
[Result "1-0"]
[ECO "A31"]
[WhiteElo "1774"]
[BlackElo "1831"]
[Annotator "NA RC COMBH"]
[PlyCount "83"]
[EventDate "2024.03.27"]
[EventType "swiss"]
[EventCountry "ESP"]
[SourceTitle "playchess.com"]
[Source "ChessBase"]
[SourceQuality "1"]
[TimeControl "5400+30"]

1. e4 c5 2. Nf3 e6 3. d4 cxd4 4. Nxd4 a6 5. c4 Qc7 6. Nc3 Nf6 7. Be2 Be7 8. O-O O-O 9. Be3 b6 10. f3 d6 11. Qe1 Nbd7 12. Qf2 Bb7 13. Rac1 Rac8 14. Rfd1 Qb8 15. Nb3 Bd8 16. Rd2 Bc7 17. Kh1 Qa8 18. Rcd1 Rfd8 19. Bf4 Qb8 20. Bxd6 Ne5 21. Bxc7 Qxc7 22. Rxd8+ Rxd8 23. Rxd8+ Qxd8 24. Qd4 Qc7 25. c5 b5 26. Qd6 Qxd6 27. cxd6 Nfd7 28. Na5 Ba8 29. a4 b4 30. Na2 Nc5 31. Nxb4 Nxa4 32. b3 Nb6 33. Nxa6 Nc6 34. Nxc6 Bxc6 35. Nb8 Be8 36. e5 f6 37. f4 Nd7 38. Nxd7 Bxd7 39. b4 Kf8 40. b5 Ke8 41. b6 Bc8 42. Bf3 1-0

[Event "VIII Open Semana Santa-B 2024"]
[Site "San Vicente del Raspeig"]
[Date "2024.04.01"]
[Round "9.2"]
[White "Amoros Moran, Jose Joaquin"]
[Black "Vila Castillo, Jaime"]
[Result "0-1"]
[ECO "B30"]
[WhiteElo "1883"]
[BlackElo "1812"]
[Annotator "NA RC"]
[PlyCount "150"]
[EventDate "2024.03.27"]
[EventType "swiss"]
[EventCountry "ESP"]
[SourceTitle "playchess.com"]
[Source "ChessBase"]
[SourceQuality "1"]
[TimeControl "5400+30"]

1. e4 c5 2. Nf3 Nc6 3. Bb5 e6 4. c3 d5 5. Qe2 dxe4 6. Bxc6+ bxc6 7. Qxe4 Qd5 8. Qe2 Nf6 9. c4 Qe4 10. d3 Qxe2+ 11. Kxe2 Bd6 12. Nc3 O-O 13. b3 e5 14. Nd2 Bf5 15. f3 Bc7 16. Na4 Bd6 17. Ba3 Nd7 18. Ne4 Bxe4 19. dxe4 Rfd8 20. Rhd1 Nb6 21. Nxc5 Be7 22. Rxd8+ Rxd8 23. Nb7 Rd7 24. Bxe7 Rxb7 25. Rd1 f6 26. Ba3 Rd7 27. Rxd7 Nxd7 28. c5 Kf7 29. g4 Ke6 30. Kd3 Nb8 31. b4 Na6 32. Kc4 Nc7 33. Bb2 g6 34. a4 a6 35. g5 fxg5 36. Bc1 h6 37. h3 Kf6 38. Be3 Ke6 39. Bg1 Kf6 40. Bf2 Ke6 41. Bg3 Kf6 42. Bf2 Ke6 43. Be3 Kf6 44. Kd3 Ke7 45. Ke2 Ne6 46. Kf2 Nf4 47. Kg3 Nh5+ 48. Kh2 Nf4 49. Bd2 Ne6 50. Kg3 Nd4 51. Kg2 Ne2 52. Kh2 Nf4 53. Kg3 Nh5+ 54. Kh2 Nf6 55. h4 gxh4 56. Bxh6 Nh7 57. Kh3 g5 58. Kg4 Ke6 59. Kh3 Kf6 60. Kg4 Kg6 61. b5 axb5 62. a5 b4 63. a6 b3 64. a7 b2 65. a8=Q b1=Q 66. Qe8+ Kxh6 67. Qf7 Qb8 68. Qe6+ Kg7 69. Qe7+ Kg6 70. Qe6+ Nf6+ 71. Kh3 Qb1 72. Kh2 Qc2+ 73. Kh3 Qf2 74. Qf5+ Kf7 75. Qxe5 Qxf3+ 0-1

[Event "VIII Open Semana Santa-B 2024"]
[Site "San Vicente del Raspeig"]
[Date "2024.04.01"]
[Round "9.3"]
[White "Martinez Mateos, Saul"]
[Black "Garcia Ruano, Juan Carlos"]
[Result "1/2-1/2"]
[ECO "B46"]
[WhiteElo "1754"]
[BlackElo "1885"]
[Annotator "NA RC"]
[PlyCount "63"]
[EventDate "2024.03.27"]
[EventType "swiss"]
[EventCountry "ESP"]
[SourceTitle "playchess.com"]
[Source "ChessBase"]
[SourceQuality "1"]
[TimeControl "5400+30"]

1. e4 c5 2. Nf3 Nc6 3. d4 cxd4 4. Nxd4 e6 5. Nc3 a6 6. a3 Nf6 7. Be3 {[%emt 0:01:32] 7.Nxc6 deserves study.} Be7 8. Qe2 $146 {[%emt 0:02:57] B46: Sicilian: Taimanov: 5 Nc3 a6.} ({Predecessor:} 8. f4 d5 9. e5 Nd7 10. Qd2 Qc7 11. Be2 O-O 12. O-O Nxd4 13. Bxd4 Bc5 14. Rad1 Qb6 15. Bxc5 Nxc5 {1-0 Fedoseev,V (2681)-Grachev,B (2621) Riga Tal Memorial blitz 2019 (12)}) 8... Qa5 9. Nb3 Qh5 10. f3 O-O 11. h4 Qe5 12. g4 d5 13. f4 Qc7 14. e5 Nd7 15. g5 Na5 16. Nxa5 Qxa5 17. Qh5 Bc5 18. Bxc5 Qxc5 19. Bd3 Qe3+ 20. Ne2 g6 21. Qg4 Nc5 22. Rh3 Nxd3+ 23. cxd3 Qb6 $16 24. Rb1 Re8 25. h5 Re7 26. hxg6 fxg6 27. Qg1 Qxg1+ 28. Nxg1 Rc7 29. Kd2 Bd7 30. d4 Rac8 31. Rc3 b5 32. Nf3 1/2-1/2

[Event "VIII Open Semana Santa-B 2024"]
[Site "San Vicente del Raspeig"]
[Date "2024.04.01"]
[Round "9.4"]
[White "Jayawarna, Thisumi"]
[Black "Herrero Ferrando, Salvador"]
[Result "1/2-1/2"]
[ECO "C55"]
[WhiteElo "1774"]
[BlackElo "1854"]
[Annotator "NA"]
[PlyCount "37"]
[EventDate "2024.03.27"]
[EventType "swiss"]
[EventCountry "ESP"]
[SourceTitle "playchess.com"]
[Source "ChessBase"]
[SourceQuality "1"]
[TimeControl "5400+30"]

1. e4 e5 2. Nf3 Nc6 3. Bc4 Nf6 4. d3 Be7 5. c3 O-O 6. O-O d5 7. exd5 Nxd5 8. Re1 Bg4 9. Nbd2 Nb6 10. Bb5 f6 11. Bxc6 bxc6 12. h3 Bh5 13. Ne4 Re8 14. Ng3 Bg6 15. d4 exd4 16. Nxd4 Qd5 17. Nge2 Bf7 18. Nf4 Qd7 19. Qc2 1/2-1/2

[Event "VIII Open Semana Santa-B 2024"]
[Site "San Vicente del Raspeig"]
[Date "2024.04.01"]
[Round "9.5"]
[White "Van Ree, Thailo"]
[Black "Carnero Rodriguez, Alvaro"]
[Result "1-0"]
[ECO "B07"]
[WhiteElo "1841"]
[BlackElo "1743"]
[Annotator "NA RC"]
[PlyCount "73"]
[EventDate "2024.03.27"]
[EventType "swiss"]
[EventCountry "ESP"]
[SourceTitle "playchess.com"]
[Source "ChessBase"]
[SourceQuality "1"]
[TimeControl "5400+30"]

1. d4 Nf6 2. Nf3 g6 3. Bg5 Bg7 4. Nbd2 d6 5. c3 O-O 6. e4 Nbd7 7. Bd3 e5 8. O-O b6 9. a4 Bb7 10. a5 h6 11. Bh4 g5 12. Bg3 Nh5 13. dxe5 Nxg3 14. hxg3 Nxe5 15. Nxe5 dxe5 16. Qe2 Qd6 17. Nc4 Qe7 18. Ne3 Bc8 19. axb6 cxb6 20. Nd5 Qc5 21. b4 Qd6 22. Ba6 Be6 23. Bb7 Bxd5 24. Bxd5 Rac8 25. Rxa7 Rxc3 26. Qa2 Rc7 27. b5 Rxa7 28. Qxa7 Qc5 29. Qd7 Bf6 30. Ra1 Qe7 31. Qc6 Rb8 32. Ra6 Qd8 33. Ra7 Rc8 34. Bxf7+ Kf8 35. Qe6 Rc7 36. Rxc7 Qxc7 37. Qe8+ 1-0

[Event "VIII Open Semana Santa-B 2024"]
[Site "San Vicente del Raspeig"]
[Date "2024.04.01"]
[Round "9.6"]
[White "Pardo Ruiz, Beatriz"]
[Black "Latre Rodriguez, Francisco"]
[Result "1/2-1/2"]
[ECO "C54"]
[WhiteElo "1757"]
[BlackElo "1780"]
[Annotator "NA RC"]
[PlyCount "53"]
[EventDate "2024.03.27"]
[EventType "swiss"]
[EventCountry "ESP"]
[SourceTitle "playchess.com"]
[Source "ChessBase"]
[SourceQuality "1"]
[TimeControl "5400+30"]

1. e4 e5 2. Nf3 Nc6 3. Bc4 Bc5 4. c3 Nf6 5. d4 exd4 6. e5 d5 7. Bb5 Ne4 8. cxd4 Bb6 9. Nc3 O-O 10. Be3 Be6 11. O-O Bg4 12. Be2 Qd7 13. h3 Bh5 14. a3 Rad8 15. Nd2 Bxe2 16. Nxe2 h6 17. Qc2 Nxd2 18. Qxd2 Na5 19. Qd3 Qa4 20. Nc1 Qc4 21. Qd2 Qc6 22. b3 Qe6 23. f4 g6 24. g4 f5 25. Qg2 Kh7 26. g5 h5 27. h4 1/2-1/2

[Event "VIII Open Semana Santa-B 2024"]
[Site "San Vicente del Raspeig"]
[Date "2024.04.01"]
[Round "9.7"]
[White "Zlyvko, Myroslav"]
[Black "Elizondo Marquet, Juan Marcos"]
[Result "1/2-1/2"]
[ECO "B50"]
[WhiteElo "1869"]
[BlackElo "1813"]
[Annotator "NA RC"]
[PlyCount "57"]
[EventDate "2024.03.27"]
[EventType "swiss"]
[EventCountry "ESP"]
[SourceTitle "playchess.com"]
[Source "ChessBase"]
[SourceQuality "1"]
[TimeControl "5400+30"]

1. e4 c5 2. Nf3 d6 3. g3 Nc6 4. Bg2 g6 5. O-O Bg7 6. c3 Nf6 7. Re1 O-O 8. h3 Qc7 9. d4 b6 10. Na3 a6 11. Qe2 Bb7 12. dxc5 bxc5 13. Nc4 Ne5 14. Nfxe5 dxe5 15. a4 a5 16. Na3 Ba6 17. Nb5 Bxb5 18. Qxb5 c4 19. Bf1 Rfc8 20. Rb1 e6 21. Bd2 Ne8 22. b4 Nd6 23. Qc5 Qxc5 24. bxc5 Rxc5 25. Rb6 Rd8 26. Bc1 Rc7 27. Rd1 Rcd7 28. Ba3 Bf8 29. Bxd6 1/2-1/2

[Event "VIII Open Semana Santa-B 2024"]
[Site "San Vicente del Raspeig"]
[Date "2024.04.01"]
[Round "9.8"]
[White "Abdelkader Garstka, Adam"]
[Black "Prochaieva, Tina"]
[Result "1-0"]
[ECO "B22"]
[WhiteElo "1849"]
[BlackElo "1792"]
[Annotator "NA"]
[PlyCount "76"]
[EventDate "2024.03.27"]
[EventType "swiss"]
[EventCountry "ESP"]
[SourceTitle "playchess.com"]
[Source "ChessBase"]
[SourceQuality "1"]
[TimeControl "5400+30"]

1. e4 c5 2. Nf3 e6 3. c3 d5 4. exd5 Qxd5 5. Na3 Nf6 6. d4 cxd4 7. Nb5 Na6 8. Nbxd4 Nc7 9. Bd3 Be7 10. Bf4 Qd8 11. O-O O-O 12. Re1 Ncd5 13. Bd2 Bd7 14. Ne5 a6 15. a4 Qc7 16. Ndf3 Bc5 17. Qb3 Rab8 18. c4 Ne7 19. Bg5 Ng6 20. Bxf6 gxf6 21. Nxd7 Qxd7 22. Rad1 Qc7 23. Qc3 Qb6 24. Re2 Rfd8 25. a5 Qc7 26. Red2 e5 27. b4 Bd4 28. Nxd4 Rxd4 29. Bxg6 Rxc4 30. Bxh7+ Kxh7 31. Qh3+ Kg7 32. Rd7 Qc6 33. Qh5 Qe6 34. h3 Rbc8 35. R1d6 Rc1+ 36. Kh2 Qc4 37. Qf3 Qf1 38. Qxf6+ Kg8 1-0